Map: Eindringling LE

Players

Panda - Winner!

  • Race: Zerg Zerg
  • League: Diamond
  • Spawn Location: 5:00

kingofring

  • Race: Terran Terran
  • League: Diamond
  • Spawn Location: 11:00

VOD

Have the link to the VOD?

Description

Time

  • Played on: Sept. 9, 2017, 4:19 p.m.
  • Length: 5:03
Show
View Real Time Build Order
Export as new Build Order

Panda Zerg - Winner!

Build Orders: Pool Only 

Get SALT Encoding   

  12  0:01  Drone  
  13  0:18  Extractor  
  12  0:24  Spawning Pool  
  11  0:29  Drone  
  11  0:34  Drone  
  13  0:39  Drone  
  14  0:47  Overlord  
  14  1:11  Zergling x4  
  14  1:12  Zergling x2  
  14  1:17  Queen  
  19  1:27  Metabolic Boost  
  19  1:33  Zergling x2  
  19  1:37  Zergling x2  
  21  1:47  Overlord  
  21  2:00  Baneling Nest  
  20  2:02  Zergling x2  
  21  2:21  Zergling x4  
  22  2:33  Zergling x6  
  25  2:40  Zergling x2  
  26  2:46  Baneling x4  
  26  2:48  Zergling x2  
  27  3:00  Zergling x2  
  25  3:16  Zergling x6  
  27  3:33  Zergling x8  
  24  3:48  Baneling x2  
  23  4:03  Zergling x6  
  23  4:19  Zergling x2  
  23  4:31  Zergling x2  
Show
View Real Time Build Order
Export as new Build Order

kingofring Terran 

Build Orders: Hellion Opening 

Get SALT Encoding   

  12  0:01  SCV  
  13  0:13  SCV  
  14  0:19  Supply Depot  
  14  0:26  Refinery  
  14  0:29  SCV  
  15  0:43  Barracks  
  15  0:46  SCV  
  16  0:58  SCV  
  17  1:10  SCV  
  18  1:22  SCV  
  19  1:34  Factory  
  19  1:36  Marine  
  20  1:42  Orbital Command  
  20  1:55  Barracks Reactor  
  20  1:56  Supply Depot  
  20  2:11  SCV  
  21  2:23  SCV  
  21  2:27  Refinery  
  22  2:35  SCV  
  23  2:44  Starport, Barracks Tech Lab  
  23  2:46  Hellion x2  
  23  2:48  SCV  
  28  2:51  Supply Depot  
  28  3:00  SCV  
  25  3:13  SCV  
  25  3:16  Hellion x2  
  23  3:21  Marine  
  18  3:39  Marine  
  18  3:45  Hellion x2  
  7  4:28  Hellion  
Tags
 
Add a new tag
Caveats
  • Supply blocks, unpowered buildings, or Contaminate may cause inaccurate times.
  • Supply counts are checked every 10 seconds.